AoeStats
← m00157301

Northern Isles

510547277Analyzed
1v1 RM · 2d ago on Oct 1, 2026· 21m 31s· 2 players
Game mode
Random Map
Map size
Tiny (2 player)
Population
200
Speed
Normal
Resources
Standard
Victory
Conquest
Starting age
Dark Age
Ending age
Imperial Age
RankedLock teamsTeams togetherTeam positionsShared explorationLock speedFull tech treeHidden civsTurbo modeCheats
Victory
Defeat
🇯🇵 Mongols · Japan
941
+14
🇹🇼 Huns · Taiwan
891
-14
m00157301
9:38 Feudal Age
10:54 Wheelbarrow
10:06 Double-Bit Axe
10:05 Horse Collar
22:55 Castle Age
CHAO NGAY MOI
9:01 Loom
10:47 Feudal Age
11:55 Double-Bit Axe
12:31 Fishing Lines
18:13 Castle Age
19:37 Medium Warships
Connection lost

Rejoining the realm…

Still unreachable

The connection could not be restored.

Session expired

The server has moved on; the page needs a fresh start.